 Dungeon Crawl Stone Soup version 0.31-a0-971-g75a2e9a4b4 (webtiles) character file.

Game seed: 15217065941688476208

22152 Conn the Destroyer (level 12, -1/114 HPs)
             Began as an Octopode Fire Elementalist on Oct 28, 2023.
             Was an Elder of Sif Muna.
             Killed by divine providence
             ... invoked by an orc priest
              (12 damage)
             ... on level 1 of the Orcish Mines.
             The game lasted 00:45:56 (16877 turns).

Conn the Destroyer (Octopode Fire Elementalist)    Turns: 16877, Time: 00:46:00

Health: -1/114     AC: 30    Str:  8    XL:     12   Next: 97%
Magic:  0/24       EV:  2    Int: 22    God:    Sif Muna [****..]
Gold:   1125       SH:  0    Dex: 12    Spells: 2/28 levels left

rFire   + . .        a - +9 staff of Olgreb {rPois∞}
rCold   x . .        (no shield)
rNeg    . . .        (helmet currently unavailable)
rPois   ∞            e - amulet of guardian spirit
rElec   .            d - ring of flight
rCorr   .            w - ring of fire
SInv    .            I - +4 ring of protection
Will    .....        G - ring of wizardry
Stlth   +++          J - ring of wizardry
HPRegen 0.39/turn    (no ring)
MPRegen 0.19/turn    (no ring)
                     (no ring)

%: guardian spirit, wizardry (x2)
@: tree-form
A: stationary, stasis, torment immunity, boosted hp, almost no armour,
(amphibious), 8 rings, (camouflage 1), (gelatinous body 1), (nimble swimmer 1),
(tentacles)
a: Renounce Religion, Evoke the Staff of Olgreb, Channel Magic, Forget Spell,
Divine Exegesis


You were on level 1 of the Orcish Mines.
You worshipped Sif Muna.
Sif Muna was greatly pleased with you.
You were a tree.
You visited 3 branches of the dungeon, and saw 15 of its levels.
You also visited: Sewer.

You collected 1125 gold pieces.

Inventory:

Hand Weapons
 a - the +9 staff of Olgreb (weapon) {rPois∞}
   (You acquired it on level 9 of the Dungeon)

   Radiate:   It can be activated via the 'a'bility menu to radiate toxic
   energy, with effectiveness depending on Evocations skill.
   Pois:      It enhances your poison magic.
   rPois∞: It grants immunity to poison.
 m - a +0 great sword
 o - a +4 dagger of venom
 q - a +2 hand axe of freezing
Missiles
 f - 31 poisoned darts
 h - a throwing net
Jewellery
 c - a ring of ice
 d - a ring of flight (left branch)
 e - an amulet of guardian spirit (around neck)
 w - a ring of fire (right branch)
 A - an amulet of the acrobat
 G - a ring of wizardry (on tentacle)
 I - a +4 ring of protection (on tentacle)
 J - a ring of wizardry (on tentacle)
Talismans
 p - a maw talisman
Wands
 i - a wand of paralysis (5)
 B - a wand of flame (14)
 C - a wand of digging (7)
 L - a wand of roots (5)
Scrolls
 g - 3 scrolls of blinking
 l - 5 scrolls of teleportation
 r - 3 scrolls of amnesia
 u - 2 scrolls of noise
 v - 4 scrolls of fog
 y - 3 scrolls of revelation
 z - 2 scrolls of immolation
 D - 2 scrolls of vulnerability
 F - 3 scrolls of fear
 K - a scroll of summoning
 N - a scroll of enchant weapon
 O - a scroll of enchant armour {unknown}
Potions
 b - 5 potions of might
 j - a potion of berserk rage
 k - 3 potions of enlightenment
 n - a potion of curing
 s - 5 potions of resistance
 t - a potion of attraction
 x - 3 potions of haste
 E - 2 potions of brilliance
 H - 2 potions of lignification
 M - a potion of invisibility {unknown}


   Skills:
 + Level 4.8 Fighting
 - Level 3.0 Short Blades
 + Level 3.8 Staves
 - Level 6.0 Dodging
 - Level 5.0 Stealth
 * Level 8.8 Spellcasting
 * Level 9.3 Conjurations
 - Level 5.0 Hexes
 + Level 5.6 Summonings
 * Level 3.6 Translocations
 + Level 7.4 Fire Magic
 + Level 4.8 Earth Magic
 * Level 7.3 Invocations
 + Level 1.4 Shapeshifting


You had 2 spell levels left.
You knew the following spells:

 Your Spells              Type           Power      Damage    Failure   Level
a - Foxfire               Conj/Fire      100%       2x1d9     1%          1
b - Scorch                Fire           100%       2d9       1%          2
c - Inner Flame           Hex/Fire       53%        N/A       1%          3
d - Flame Wave            Conj/Fire      63%        2d15      1%          4
e - Stone Arrow           Conj/Erth      80%        3d12      1%          3
f - Call Canine Familiar  Summ           34%        N/A       1%          3
g - Iskenderun's Mystic   Conj/Tloc      38%        2d9       1%          4
h - Brom's Barrelling Bo  Conj/Erth      40%        2d6       1%          4
i - Blink                 Tloc           50%        N/A       1%          2

Your spell library contained the following spells:

 Spells                   Type           Power      Damage    Failure   Level
 Sandblast                Erth           60%        2d14      1%          1
 Sting                    Tmut/Pois      56%        1d5       1%          1
 Passwall                 Tmut/Erth      16%        N/A       1%          2
 Poisonous Vapours        Pois/Air       28%        N/A       3%          2
 Dazzling Flash           Conj/Hex       82%        N/A       1%          3
 Sigil of Binding         Hex            31%        N/A       1%          3
 Tukima's Dance           Hex            31%        N/A       1%          3
 Volatile Blastmotes      Fire/Tloc      100%       2d18      1%          3
 Sticky Flame             Conj/Fire      63%        2d8       1%          4
 Leda's Liquefaction      Hex/Erth       15%        N/A       2%          4
 Dimensional Bullseye     Hex/Tloc       14%        N/A       3%          4
 Manifold Assault         Tloc           25%        N/A       4%          4
 Ozocubu's Armour         Ice            9%         N/A       5%          3
 Summon Lightning Spire   Summ/Air       22%        N/A       6%          4
 Starburst                Conj/Fire      31%        6d10      9%          6
 Olgreb's Toxic Radiance  Pois           14%        N/A       17%         4
 Ozocubu's Refrigeration  Ice            4%         4d8       100%        7
 Maxwell's Capacitive Co  Air            4%         ∞         100%        8


Dungeon Overview and Level Annotations

Branches:
Dungeon (12/15)            Temple (1/1) D:7            Lair (0/5) D:10
    Orc (2/2) D:9           Sewer (visited)
    Elf: Orc:2

Altars:
Ashenzari
Cheibriados
Dithmenos
Elyvilon
Fedhas
Gozag
Hepliaklqana
Kikubaaqudgha
Makhleb
Nemelex Xobeh
Okawaru
Qazlal
Ru
Sif Muna
Trog
Uskayaw
Vehumet
Wu Jian
Xom
Yredelemnul
Zin
The Shining One

Shops:
D:2 [   D:4 =   D:11 :[


Innate Abilities, Weirdness & Mutations

You are a tree.
Your roots penetrate the ground, keeping you stationary.
You cannot be teleported.
You are immune to unholy pain and torment.
Your maximum health is greatly increased.
You cannot wear most types of armour.
((You are amphibious.))
You can wear up to eight rings at the same time.
((Your skin changes colour to match your surroundings (Stealth+).))
((Your rubbery body absorbs attacks. (AC +1, EV +1)))
((You are camouflaged when in or above water. (Stealth+)))
((You have tentacles for arms and can constrict up to eight enemies at once.))


Message History

The flame wave engulfs the troll!!
The troll is heavily wounded.
The flame wave engulfs the red devil.
The red devil completely resists.
You finish channelling waves of flame.
You feel less invigorated.
The orc knight hits you with a +0 long sword!
* * * LOW HITPOINT WARNING * * *
The orc knight hits you with a +0 battleaxe!
* * * LOW HITPOINT WARNING * * *
The orc high priest hits you but does no damage.
Casting: Flame Wave (mildly dangerous; 1% risk of failure)
Confirm with . or Enter, or press ? or * to list all spells.
You erupt in a blast of force!
The mystic blast hits the red devil!
The red devil is moderately wounded.
The red devil is knocked back by the mystic blast.
The mystic blast hits the ice devil but does no damage.
The ice devil is moderately wounded.
The mystic blast hits the orc sorcerer!
You kill the orc sorcerer!
Sif Muna accepts your kill.
The red devil disappears in a puff of smoke!
The mystic blast hits the troll.
The troll is severely wounded.
The troll is knocked back by the mystic blast.
The mystic blast hits the orc warrior!
You kill the orc warrior!
Sif Muna accepts your kill.
The mystic blast hits the orc high priest!
You kill the orc high priest!
Sif Muna accepts your kill.
The ice devil disappears in a puff of smoke!
The mystic blast hits the orc knight but does no damage.
The orc knight is almost dead.
The mystic blast hits the orc knight but does no damage.
The orc knight is heavily wounded.
The orc knight looks more healthy.
The troll looks more healthy.
The orc warrior looks more healthy.
The orc knight hits you but does no damage.
The orc priest calls down the wrath of Beogh upon you.
Beogh smites you!
You die...

#.......#.....#
.)....#...)....
.....)........#
......o..T...#
............#
......))....##
.....§))...).##
.)..o.)♣o...).#
.....).o).....#
.....).).......
^#.......))....
#........§..#..
#...#...)......
#..####........
... #..>...#.


You could see 2 orc knights, a troll, an orc warrior (strong) and an orc priest
(strong).

Vanquished Creatures
  Fannar (D:12)
  4 two-headed ogres
  A centaur warrior (D:12)
  An ogre mage (D:11)
  Erica (D:11)
  A boulder beetle (D:12)
  An orc high priest (Orc:1)
  An occultist (D:11)
  Amaemon (D:11)
  2 orc sorcerers
  An ugly thing (D:12)
  A manticore (D:11)
  2 cyclopes (D:12)
  Joseph (D:9)
  An orange demon (D:11)
  2 unseen horrors
  A kobold demonologist (D:12)
  3 trolls
  2 hornets
  3 slime creatures (D:12)
  2 shadows
  14 yaks
  A wyvern (D:10)
  3 wraiths
  4 basilisks
  2 vampire mosquitoes (D:11)
  2 wargs
  2 acid dragons
  7 water moccasins
  17 orc warriors
  2 sky beasts (D:7)
  5 centaurs
  5 ogres
  2 phantoms
  2 kobold brigands
  2 bullfrogs (Sewer)
  A gnoll sergeant (D:6)
  A scorpion (D:4)
  8 wights
  5 killer bees (D:9)
  8 howler monkeys
  2 vampire bats (D:9)
  4 crimson imps (D:9)
  9 orc priests
  Crazy Yiuf (D:2)
  A gnoll bouda (D:8)
  3 hounds
  5 jellies
  Ijyb (D:4)
  3 iguanas
  Natasha (thrice) (D:2)
  25 orc wizards
  5 river rats (Sewer)
  14 adders
  10 gnolls
  2 shadow imps (D:7)
  2 white imps
  A worm (D:5)
  5 dart slugs
  58 orcs
  18 ball pythons
  14 bats
  8 endoplasms
  8 giant cockroaches
  9 goblins
  A hobgoblin (D:3)
  3 jackals (D:1)
  11 kobolds
  8 quokkas
  5 frilled lizards
  24 rats
389 creatures vanquished.

Vanquished Creatures (collateral kills)
  3 boulders (D:12)
  A foxfire (D:1)
4 creatures vanquished.

Vanquished Creatures (others)
  3 boulders (D:12)
  682 foxfires
685 creatures vanquished.

Grand Total: 1078 creatures vanquished

Notes
Turn   | Place    | Note
-------+----------+-------------------------------------------
     0 | D:1      | Conn the Octopode Fire Elementalist began the quest for the
                  | Orb.
     0 | D:1      | Reached XP level 1. HP: 11/11 MP: 3/3
   203 | D:1      | Reached XP level 2. HP: 17/17 MP: 0/5
   538 | D:1      | Reached XP level 3. HP: 21/21 MP: 0/6
  1130 | D:2      | Found a glowing silver altar of Zin.
  1290 | D:2      | Noticed Natasha
  1291 | D:2      | Found Wuquob's Antique Armour Shoppe.
  1298 | D:2      | Killed Natasha
  1299 | D:2      | Reached XP level 4. HP: 6/27 MP: 0/7
  1380 | D:2      | Noticed Natasha
  1480 | D:1      | Learned a level 2 spell: Scorch
  1484 | D:1      | Learned a level 3 spell: Inner Flame
  1501 | D:2      | Killed Natasha
  1560 | D:2      | Reached skill level 2 in Conjurations
  1603 | D:2      | Noticed Natasha
  1610 | D:2      | Killed Natasha
  1614 | D:2      | Found a faded altar of an unknown god.
  1616 | D:2      | Reached XP level 5. HP: 31/31 MP: 7/9
  2007 | D:2      | Found a runed translucent door.
  2008 | D:2      | Noticed Crazy Yiuf
  3136 | D:4      | Reached skill level 1 in Hexes
  3234 | D:4      | Noticed Ijyb
  3238 | D:5      | Entered Level 5 of the Dungeon
  3243 | D:5      | Reached XP level 6. HP: 22/36 MP: 4/10
  3281 | D:5      | Found a glowing drain.
  3338 | Sewer    | Entered a sewer
  4082 | Sewer    | Reached skill level 3 in Conjurations
  4091 | Sewer    | Reached XP level 7. HP: 30/41 MP: 2/12
  4297 | D:5      | Reached skill level 5 in Stealth
  4494 | D:5      | Learned a level 4 spell: Flame Wave
  4821 | D:4      | Reached skill level 4 in Conjurations
  4821 | D:4      | Reached XP level 8. HP: 46/46 MP: 9/14
  5137 | D:4      | Killed Ijyb
  5508 | D:4      | Found Paossih's Jewellery Emporium.
  6136 | D:5      | Learned a level 3 spell: Stone Arrow
  6568 | D:6      | Found a radiant altar of Vehumet.
  6664 | D:6      | Learned a level 3 spell: Call Canine Familiar
  7498 | D:2      | Killed Crazy Yiuf
  7725 | D:6      | Reached skill level 5 in Spellcasting
  7732 | D:7      | Reached skill level 5 in Conjurations
  7838 | D:7      | Reached skill level 1 in Summonings
  7842 | D:7      | Reached skill level 1 in Earth Magic
  7842 | D:7      | Reached XP level 9. HP: 51/51 MP: 8/16
  7846 | D:7      | Reached skill level 5 in Fire Magic
  8006 | D:7      | Found a staircase to the Ecumenical Temple.
  8012 | Temple   | Entered the Ecumenical Temple
  8034 | Temple   | Became a worshipper of Sif Muna the Loreminder
  8134 | D:7      | Reached skill level 5 in Hexes
  9371 | D:8      | Reached skill level 6 in Conjurations
  9472 | D:8      | Reached skill level 5 in Dodging
  9690 | D:8      | Noticed a hornet
  9700 | D:8      | Killed a hornet
  9809 | D:8      | Noticed a troll
  9815 | D:8      | Killed a troll
  9875 | D:8      | Found an opulent altar of Gozag.
 10070 | D:8      | Reached skill level 1 in Invocations
 10190 | D:8      | Reached XP level 10. HP: 57/57 MP: 14/19
 10253 | D:9      | Found a staircase to the Orcish Mines.
 10269 | D:9      | Found an ornate altar of the Wu Jian Council.
 10279 | D:9      | Reached skill level 1 in Fighting
 10454 | D:9      | Reached skill level 1 in Short Blades
 10464 | D:9      | Found a shimmering altar of Xom.
 10645 | D:9      | Noticed a two-headed ogre
 10662 | D:9      | Killed a two-headed ogre
 10666 | D:9      | Reached * piety under Sif Muna
 10679 | D:9      | Reached skill level 7 in Conjurations
 10693 | D:9      | Noticed Joseph
 10720 | D:9      | Killed Joseph
 10999 | D:9      | Identified a scroll of acquirement
 11000 | D:9      | Identified the "Uffoheth" (You acquired it on level 9 of
                  | the Dungeon)
 11000 | D:9      | Acquired the +9 staff of Olgreb {rPois∞}
 11000 | D:9      | Found the +9 staff of Olgreb {rPois∞}
 11416 | D:10     | Identified the of Civugih
 11416 | D:10     | Entered Level 10 of the Dungeon
 11621 | D:10     | Reached XP level 11. HP: 66/66 MP: 12/21
 11623 | D:10     | Reached ** piety under Sif Muna
 12035 | D:10     | Found a shadowy altar of Dithmenos.
 12051 | D:10     | Learned a level 4 spell: Iskenderun's Mystic Blast
 12056 | D:10     | Learned a level 4 spell: Brom's Barrelling Boulder
 12403 | D:10     | Reached skill level 5 in Invocations
 12494 | D:10     | Found a staircase to the Lair.
 12510 | D:10     | You are sucked into a shaft and drop 2 floors!
 12535 | D:12     | Reached skill level 8 in Conjurations
 12536 | D:12     | Reached skill level 1 in Staves
 12681 | D:12     | Noticed a boulder beetle
 12919 | D:12     | Killed a boulder beetle
 13199 | D:12     | Noticed a white ugly thing
 13201 | D:12     | Noticed Fannar
 13206 | D:12     | Killed a white ugly thing
 13216 | D:12     | Killed Fannar
 13412 | D:12     | Noticed a cyclops
 13425 | D:12     | Noticed a centaur warrior
 13439 | D:12     | Killed a centaur warrior
 13440 | D:12     | Reached XP level 12. HP: 16/74 MP: 0/24
 13646 | D:12     | Learned a level 2 spell: Blink
 13660 | D:12     | Reached skill level 5 in Summonings
 13796 | D:11     | Noticed an occultist
 13802 | D:11     | Killed an occultist
 13803 | D:11     | Reached skill level 1 in Translocations
 14030 | D:11     | Noticed Amaemon
 14045 | D:11     | Killed Amaemon
 14602 | D:11     | Noticed an ogre mage
 14602 | D:11     | Noticed a two-headed ogre
 14602 | D:11     | Noticed a two-headed ogre
 14603 | D:11     | Noticed a two-headed ogre
 14609 | D:11     | Killed a two-headed ogre
 14612 | D:11     | Killed a two-headed ogre
 14614 | D:11     | Killed an ogre mage
 14615 | D:11     | Killed a two-headed ogre
 14616 | D:11     | Reached skill level 9 in Conjurations
 14888 | D:11     | Noticed Erica
 14903 | D:11     | Killed Erica
 14904 | D:11     | Reached skill level 1 in Shapeshifting
 15235 | D:11     | Found Rommen's Antique Armour Emporium.
 15296 | D:11     | Found Waicixt's Tiny Tomes.
 15823 | Orc:1    | Entered Level 1 of the Orcish Mines
 16300 | Orc:2    | Entered Level 2 of the Orcish Mines
 16402 | Orc:2    | Reached *** piety under Sif Muna
 16869 | Orc:1    | Noticed an orc high priest
 16875 | Orc:1    | Reached **** piety under Sif Muna
 16877 | Orc:1    | Killed an orc high priest
 16877 | Orc:1    | Killed from afar by an orc priest

Illustrated notes

Levels and vault maps discovered:
D:1:      scummos_arrival_checkerplants, layout_basic, serial_curves,
          eino_curves_02, eino_curves_03
D:2:      minmay_angry_zag, layout_basic, serial_shops, shop, basic_altar,
          serial_curves, eino_curves_04, eino_curves_03,
          nicolae_ecumenical_snake_handling, uniq_natasha,
          uniq_crazy_yiuf_cottage
D:3:      layout_loops_corners
D:4:      layout_basic, serial_shops, nicolae_diamond_shop, minmay_cupped,
          uniq_ijyb
D:5:      layout_loops_corners, gup_sewer_entry_pipe
D:6:      layout_loops_ring, vehumet_crystals, nicolae_underground_beach
D:7:      layout_basic, minmay_temple_entry_enclosed_plants
D:8:      layout_basic, lemuel_coloured_pillars_altar, billiards_dpeg
D:9:      layout_cave_pools, nzn_wu_jian_contemplation, led_xom_imps,
          orc_0_dummy, enter_bailey_6, minivault_14, roderic_batcave,
          uniq_joseph
D:10:     layout_basic, mainiacjoe_overflow_surrounded_room,
          minmay_lair_entry_grove
D:11:     layout_roguey, serial_curves, eino_curves_01, eino_curves_01,
          serial_shops, nicolae_lakefront_shop,
          nicolae_shop_i_like_small_books_too, uniq_amaemon, uniq_erica
D:12:     layout_roguey, uniq_fannar
Temple:   minmay_temple_bridge_d
Orc:1:    layout_caves, basic_altar
Orc:2:    st_orc_congregation, layout_caves, uniq_urug

Skill      XL: |  1  2  3  4  5  6  7  8  9 10 11 12 |
---------------+-------------------------------------+-----
Stealth        | 3 4 5 |  5.0
Conjurations   | 2 3 4 5 6 7 8 9 |  9.3
Dodging        | 3 4 5 6 |  6.0
Hexes          | 1 2 3 4 5 |  5.0
Spellcasting   | 3 4 5 6 7 8 |  8.8
Fire Magic     | 4 5 6 7 |  7.4
Summonings     | 1 2 4 5 |  5.6
Earth Magic    | 1 2 3 4 |  4.8
Invocations    | 1 4 6 7 |  7.3
Fighting       | 2 3 4 |  4.8
Short Blades   | 2 3 |  3.0
Staves         | 2 3 |  3.8
Translocations | 3 |  3.6
Shapeshifting  | 1 |  1.4

Action                     |  1- 3 |  4- 6 |  7- 9 | 10-12 || total
---------------------------+-------+-------+-------+-------++-------
  Melee: Unarmed           |    13 |       |       |       ||    13
         Constrict         |     5 |    18 |    20 |    13 ||    56
         Tentacles         |     3 |    16 |    16 |    22 ||    57
         Great sword       |       |    25 |       |       ||    25
         Dagger            |       |    37 |    80 |    39 ||   156
         Punch             |       |       |     2 |     2 ||     4
         Staff             |       |       |       |    55 ||    55
   Cast: Foxfire           |    43 |   114 |   107 |   130 ||   394
         Scorch            |       |     1 |    40 |    83 ||   124
         Inner Flame       |       |       |     9 |    42 ||    51
         Flame Wave        |       |       |     3 |    33 ||    36
         Call Canine Famil |       |       |     1 |     6 ||     7
         Brom's Barrelling |       |       |       |     7 ||     7
         Iskenderun's Myst |       |       |       |     2 ||     2
         Stone Arrow       |       |       |       |     2 ||     2
 Invoke: Channel Magic     |       |       |       |     5 ||     5
Ability: Evoke the Staff o |       |       |       |     6 ||     6
  Evoke: Wand              |       |       |       |     6 ||     6
    Use: Scroll            |       |       |    16 |    11 ||    27
         Potion            |       |       |       |    11 ||    11
   Stab: Sleeping          |     1 |     6 |    10 |       ||    17
         Distracted        |       |       |     1 |       ||     1
 Armour: Skin              |     9 |    36 |    51 |   230 ||   326
  Dodge: Dodged            |     6 |    39 |    55 |   174 ||   274

Table legend: (Time is in decaauts)
 A = Elapsed time spent in this place.
 B = Non-inter-level travel time spent in this place.
 C = Inter-level travel time spent in this place.
 D = Time resting spent in this place.
 E = Time spent auto-exploring this place.
 F = Levels seen in this place.
 G = Mean time per level.
                   A        B        C        D        E       F      G
               +--------+--------+--------+--------+--------+-----+--------+
         Total |  16953 |  16257 |    696 |   1003 |  11912 |  16 | 1059.6 |
       Dungeon |  14975 |  14320 |    655 |    590 |  10810 |  12 | 1247.9 |
        Temple |     44 |      4 |     40 |      0 |      0 |   1 |   44.0 |
  Orcish Mines |   1057 |   1057 |      0 |    413 |    443 |   2 |  528.5 |
         Sewer |    875 |    875 |      0 |      0 |    659 |   1 |  875.0 |
               +--------+--------+--------+--------+--------+-----+--------+

Top non-repeatable levels by time:
    D:11: 1681 daAuts
    D:12: 1494 daAuts
     D:8: 1461 daAuts
     D:2: 1271 daAuts
     D:5: 1240 daAuts
    D:10: 1235 daAuts
     D:4: 1188 daAuts
     D:7: 1145 daAuts
     D:1: 1119 daAuts
     D:3: 1076 daAuts
     D:9: 1067 daAuts
     D:6: 993 daAuts
   Orc:1: 949 daAuts
   Sewer: 875 daAuts
   Orc:2: 107 daAuts
